 Dungeon Crawl Stone Soup version 0.31-a0-1178-gc5c9b8f871 (webtiles) character file.

Game seed: 6658224317780242276

900 qw the Skirmisher (level 8, 0/49 HPs)
             Began as a Gargoyle Hunter on Dec 11, 2023.
             Was a Follower of Okawaru.
             Slain by an ice beast (2 damage)
             ... on level 5 of the Dungeon.
             The game lasted 00:01:51 (3771 turns).

qw the Skirmisher (Gargoyle Hunter)                 Turns: 3771, Time: 00:01:51

Health: 0/49       AC: 11    Str: 22    XL:     8   Next: 7%
Magic:  9/9        EV: 11    Int:  9    God:    Okawaru [*.....]
Gold:   204        SH:  0    Dex: 15    Spells: 7/7 levels left

rFire   . . .        a - +0 shortbow
rCold   . . .        (shield currently unavailable)
rNeg    + . .        e - +1 ring mail
rPois   inf          (no helmet)
rElec   +            (no cloak)
rCorr   .            (no gloves)
SInv    .            (no boots)
Will    .....        (no amulet)
Stlth   +            d - +6 ring of strength
HPRegen 0.28/turn    (no ring)
MPRegen 0.11/turn

%: no passive effects
@: no status effects
A: sickness immunity, AC +5, negative energy resistance 1, electricity
resistance, torment resistance 1, petrification resistance
a: Renounce Religion, Heroism


You were on level 5 of the Dungeon.
You worshipped Okawaru.
Okawaru was aware of your devotion.
You visited 1 branch of the dungeon, and saw 5 of its levels.

You collected 204 gold pieces.


Innate Abilities, Weirdness & Mutations

You are immune to sickness and miasma.
Your stone body is resilient. (AC +5)
You are immune to poison.
You resist negative energy. (rN+)
You are resistant to electric shocks. (rElec)
You are resistant to unholy torment.
You are immune to petrification.


   Skills:
 - Level 5.0 Fighting
 + Level 8.3 Ranged Weapons
 - Level 1.0 Armour
 - Level 2.2 Dodging
 - Level 1.1 Stealth
 + Level 1.9 Invocations


You had 7 spell levels left.
You didn't know any spells.
Your spell library was empty.

Inventory:

Hand Weapons
 a - a +0 shortbow (weapon)
Armour
 e - a +1 ring mail (worn)
Jewellery
 d - a +6 ring of strength (left hand)
 f - a ring of fire
Scrolls
 b - a scroll of noise {unknown}
Potions
 j - a potion of haste
 k - a potion of might

Dungeon Overview and Level Annotations

Branches:
Dungeon (5/15)
 Temple: D:4-7

Altars:
Hepliaklqana
Makhleb
Okawaru
Qazlal
Ru
Zin

Annotations:
D:4 2 transporters
D:5 3 runed translucent doors, qw's ghost, amateur GrHu


Message History

The ice beast is moderately wounded.
The ice beast hits you but does no damage.
You shoot an arrow.
The arrow hits the ice beast but does no damage.
The ice beast is moderately wounded.
The ice beast hits you but does no damage.
You shoot an arrow. The arrow hits the ice beast.
The ice beast is moderately wounded.
The ice beast hits you. The ice beast freezes you!
You shoot an arrow. The arrow closely misses the ice beast.
The ice beast hits you. The ice beast freezes you!
You shoot an arrow. The arrow barely misses the ice beast.
The ice beast hits you but does no damage.
You shoot an arrow. The arrow hits the ice beast.
The ice beast is heavily wounded.
The ice beast closely misses you.
You shoot an arrow. The arrow hits the ice beast.
The ice beast is severely wounded.
The ice beast hits you but does no damage.
The ice beast closely misses you.
You shoot an arrow. The arrow barely misses the ice beast.
The ice beast hits you but does no damage.
You shoot an arrow.
The arrow completely misses the ice beast.
The ice beast hits you but does no damage.
You shoot an arrow.
The arrow hits the ice beast but does no damage.
The ice beast is severely wounded.
The ice beast barely misses you.
You shoot an arrow. The arrow hits the ice beast.
The ice beast is severely wounded.
The ice beast closely misses you.
You shoot an arrow. The arrow barely misses the ice beast.
The ice beast hits you. The ice beast freezes you!
You shoot an arrow. The arrow barely misses the ice beast.
The ice beast barely misses you.
You shoot an arrow. The arrow hits the ice beast.
The ice beast is severely wounded.
The ice beast hits you.
You die...

#....^#..#............
#.....#..'............
#.....#..#............
#.....#..###'#........
##....#...#..#.....###
#....#...'..'.....'..
#....'..##..#.....#..
#...Y#..##..#.....#..
#...@#...#..#.....#'#
#....#...#..#.....#..
#....#...#..'.....#..
#....#...#..#.....#..
#########....########.....#'#
##...<...........##.######....
#................#.......#....
#................#.......#....
#..#######....................


You could see an ice beast.

Vanquished Creatures
  Prince Ribbit (D:5)
  An ice beast (D:5)
  A black bear (D:5)
  An ogre (D:4)
  3 scorpions (D:5)
  3 iguanas
  3 gnolls (D:4)
  4 adders
  3 white imps (D:5)
  2 ufetubi (D:5)
  A worm (D:2)
  A dart slug (D:1)
  7 orcs
  A bat (D:2)
  5 endoplasms
  A giant cockroach (D:1)
  4 goblins
  8 hobgoblins
  4 jackals (D:4)
  10 kobolds
  7 quokkas
  6 ball pythons
  3 frilled lizards
  2 rats (D:1)
82 creatures vanquished.

Notes
Turn   | Place    | Note
-------+----------+-------------------------------------------
     0 | D:1      | qw the Gargoyle Hunter began the quest for the Orb.
     0 | D:1      | Reached XP level 1. HP: 12/12 MP: 1/1
     0 | D:1      | 0 ||| qw: Version: 0.3-a-106-g2cfff9e
     0 | D:1      | 0 ||| qw: Game counter: 2014
     0 | D:1      | 0 ||| qw: Melee chars always use a shield: true
     0 | D:1      | 0 ||| qw: God list: Okawaru
     0 | D:1      | 0 ||| qw: Allow faded altars: false
     0 | D:1      | 0 ||| qw: Do Orc after clearing Dungeon:15 true
     0 | D:1      | 0 ||| qw: Do second Lair branch before Depths: true
     0 | D:1      | 0 ||| qw: Lair rune preference: random
     0 | D:1      | 0 ||| qw: Goals: Normal, Save, Zot:1-4, Win
     0 | D:1      | 0 ||| PLANNING D:1-11
    80 | D:1      | Reached XP level 2. HP: 17/17 MP: 2/2
   263 | D:1      | Reached XP level 3. HP: 19/21 MP: 3/3
   453 | D:1      | 453 ||| UPGRADING to +0 ring mail.
   463 | D:1      | 463 ||| DROPPING +0 leather armour.
   464 | D:1      | 464 ||| READING 3 scrolls labelled QOUSUO TITI.
   464 | D:1      | 464 ||| IDENTIFYING lumpy white potion
   465 | D:1      | 465 ||| READING 2 scrolls of identify.
   465 | D:1      | 465 ||| IDENTIFYING coppery potion
   466 | D:1      | 466 ||| READING scroll of identify.
   466 | D:1      | 466 ||| IDENTIFYING 2 smoky coppery potions
   467 | D:1      | 467 ||| READING scroll labelled VAREPPOECU.
   472 | D:1      | 472 ||| READING scroll labelled JAP TOSEFRYRA.
   473 | D:1      | 473 ||| DROPPING scroll of butterflies.
   474 | D:1      | 474 ||| DROPPING 2 potions of degeneration.
   642 | D:2      | Found a faded altar of an unknown god.
   746 | D:2      | Reached skill level 1 in Armour
   756 | D:2      | Reached skill level 5 in Ranged Weapons
  1011 | D:2      | 1011 ||| DROPPING +6 ring of intelligence.
  1012 | D:2      | 1012 ||| DROPPING ring of magical power.
  1013 | D:2      | 1013 ||| READING scroll labelled MEPIEDGH ASTRI.
  1013 | D:2      | 1013 ||| ENCHANTING +0 ring mail.
  1289 | D:3      | Reached XP level 4. HP: 25/27 MP: 4/4
  1376 | D:3      | Reached skill level 3 in Fighting
  1400 | D:3      | Found a burning altar of Makhleb.
  1402 | D:3      | Noticed a blizzard demon
  1406 | D:3      | Noticed a hellwing
  1406 | D:3      | Noticed a neqoxec
  1475 | D:3      | Found a glowing silver altar of Zin.
  1669 | D:3      | 1669 ||| READING 2 scrolls labelled ZEUHIDEOSE.
  1670 | D:3      | 1670 ||| READING scroll labelled FATOYC GAIPAGIDD.
  1671 | D:3      | 1671 ||| DROPPING scroll of fog.
  1682 | D:4      | Noticed an ogre
  1682 | D:4      | Found a transporter.
  1689 | D:4      | Killed an ogre
  1690 | D:4      | Reached skill level 6 in Ranged Weapons
  1690 | D:4      | Reached XP level 5. HP: 32/32 MP: 5/5
  1697 | D:4      | 1697 ||| STAIRDANCE
  1735 | D:4      | Found a sacrificial altar of Ru.
  1868 | D:4      | Found a transporter.
  1917 | D:4      | Found a hazy altar of Hepliaklqana.
  1959 | D:4      | HP: 8/32 [gnoll/+0 spear (3)]
  1960 | D:4      | 1960 ||| DRINKING black potion.
  1961 | D:4      | 1961 ||| DRINKING red potion.
  1964 | D:4      | HP: 6/33 [gnoll/+0 whip (4)]
  1965 | D:4      | 1965 ||| DRINKING brown potion.
  2136 | D:4      | Reached XP level 6. HP: 38/38 MP: 6/6
  2503 | D:4      | 2503 ||| READING scroll of identify.
  2503 | D:4      | 2503 ||| IDENTIFYING 2 scrolls labelled ZUGYRR DOZXITS
  2504 | D:4      | 2504 ||| DROPPING 2 scrolls of fear.
  2538 | D:5      | Entered Level 5 of the Dungeon
  2665 | D:5      | Found a runed translucent gate.
  2666 | D:5      | Found a runed translucent gate.
  2667 | D:5      | Found a runed translucent gate.
  2667 | D:5      | Noticed qw's ghost (amateur GrHu)
  2765 | D:5      | Noticed a black bear
  2773 | D:5      | Killed a black bear
  2774 | D:5      | Reached skill level 7 in Ranged Weapons
  2774 | D:5      | Reached XP level 7. HP: 31/43 MP: 7/7
  2921 | D:5      | Found an iron altar of Okawaru.
  2922 | D:5      | 2922 ||| PLANNING OKAWARU WORSHIP
  2931 | D:5      | Found a stormy altar of Qazlal.
  2940 | D:5      | 2940 ||| UPGRADING to +6 ring of strength.
  2941 | D:5      | 2941 ||| READING scroll of identify.
  2941 | D:5      | 2941 ||| IDENTIFYING scroll labelled DUES GUBUTAMUO
  2942 | D:5      | 2942 ||| DROPPING scroll of immolation.
  2968 | D:5      | Became a worshipper of Warmaster Okawaru
  2969 | D:5      | 2969 ||| PLANNING D:1-11
  2998 | D:5      | 2998 ||| STAIRDANCE
  3002 | D:5      | 3002 ||| STAIRDANCE
  3006 | D:5      | 3006 ||| STAIRDANCE
  3010 | D:5      | 3010 ||| STAIRDANCE
  3014 | D:5      | 3014 ||| STAIRDANCE
  3018 | D:5      | 3018 ||| STAIRDANCE
  3022 | D:5      | 3022 ||| STAIRDANCE
  3026 | D:5      | 3026 ||| STAIRDANCE
  3030 | D:5      | 3030 ||| STAIRDANCE
  3034 | D:5      | 3034 ||| STAIRDANCE
  3038 | D:5      | 3038 ||| STAIRDANCE
  3042 | D:5      | 3042 ||| STAIRDANCE
  3046 | D:5      | 3046 ||| STAIRDANCE
  3050 | D:5      | 3050 ||| STAIRDANCE
  3054 | D:5      | 3054 ||| STAIRDANCE
  3058 | D:5      | 3058 ||| STAIRDANCE
  3062 | D:5      | 3062 ||| STAIRDANCE
  3066 | D:5      | 3066 ||| STAIRDANCE
  3070 | D:5      | 3070 ||| STAIRDANCE
  3074 | D:5      | 3074 ||| STAIRDANCE
  3145 | D:4      | 3145 ||| READING scroll labelled FAFEEZX DISTY.
  3212 | D:5      | Noticed Prince Ribbit
  3221 | D:5      | HP: 5/43 [Prince Ribbit (13)]
  3229 | D:5      | Killed Prince Ribbit
  3230 | D:5      | Reached skill level 8 in Ranged Weapons
  3424 | D:5      | Reached * piety under Okawaru
  3447 | D:5      | Reached skill level 1 in Invocations
  3495 | D:5      | Reached XP level 8. HP: 46/49 MP: 7/9
  3693 | D:5      | 3693 ||| FLEEEEING.
  3694 | D:5      | 3694 ||| FLEEEEING.
  3695 | D:5      | 3695 ||| FLEEEEING.
  3696 | D:5      | 3696 ||| FLEEEEING.
  3697 | D:5      | 3697 ||| FLEEEEING.
  3698 | D:5      | 3698 ||| FLEEEEING.
  3699 | D:5      | 3699 ||| FLEEEEING.
  3700 | D:5      | 3700 ||| FLEEEEING.
  3713 | D:5      | 3713 ||| FLEEEEING.
  3769 | D:5      | HP: 1/49 [ice beast (13)]
  3771 | D:5      | Slain by an ice beast

Levels and vault maps discovered:
D:1:      nzn_arrival_water_spiral, layout_rooms
D:2:      layout_basic, shapermc_ecumenical_altar_mp_vishouse
D:3:      layout_basic, zin_scriptorium, makhleb_altar_promises_db,
          grunt_decor_fettered, palyth_stone_intersect, uniq_crazy_yiuf_cottage
D:4:      gammafunk_steamed_eel, layout_cave_pools, nicolae_ru_awakened_eye,
          nicolae_overflow_hidden_temple
D:5:      layout_gridville, mainiacjoe_overflow_brackets, amcnicky_altar_gilded,
          gammafunk_ghost_nasty_kobolds, uniq_prince_ribbit1

Skill      XL: |  1  2  3  4  5  6  7 |
---------------+----------------------+-----
Armour         | 1 |  1.0
Ranged Weapons | 5 6 7 8 |  8.3
Fighting       | 3 4 5 |  5.0
Invocations    | 1 |  1.9
Dodging        | 2 |  2.2
Stealth        | |  1.1

Action                     |  1- 3 |  4- 6 |  7- 9 || total
---------------------------+-------+-------+-------++-------
   Fire: Shortbow          |   112 |   191 |   103 ||   406
    Use: Scroll            |     6 |     3 |     2 ||    11
         Potion            |       |     3 |       ||     3
 Armour: Leather armour    |     3 |       |       ||     3
         Ring mail         |    23 |   110 |    54 ||   187
  Dodge: Dodged            |    27 |    98 |    36 ||   161

Table legend:
 A = Non-vault XP
 B = Vault XP
 C = Vault XP percentage of total XP
 D = Non-vault monster count
 E = Vault monster count
 F = Vault count percentage of total count
                 A         B        C        D         E       F
            +---------+---------+-------+---------+---------+-------
      Total |    1009 |     277 |  21.5 |      81 |       1 |   1.2
            +---------+---------+-------+---------+---------+-------
        D:1 |      38 |       0 |   0.0 |      21 |       0 |   0.0
        D:2 |      21 |       0 |   0.0 |      10 |       0 |   0.0
        D:3 |      47 |       0 |   0.0 |      13 |       0 |   0.0
        D:4 |     280 |       0 |   0.0 |      23 |       0 |   0.0
        D:5 |     623 |     277 |  30.8 |      14 |       1 |   6.7
            +---------+---------+-------+---------+---------+-------
